AoeStats
← The Crusader

Arabia

510385120Analyzed
1v1 RM · 1d ago on Sep 30, 2026· 49m 5s· 2 players
Game mode
Random Map
Map size
Tiny (2 player)
Population
200
Speed
Normal
Resources
Standard
Victory
Conquest
Starting age
Dark Age
Ending age
Imperial Age
RankedLock teamsTeams togetherTeam positionsShared explorationLock speedFull tech treeHidden civsTurbo modeCheats
Victory
Defeat
🇺🇸 Burmese · United States
1769
+14
🇦🇷 Berbers · Argentina
1736
-14
Ema
5:46 Loom
8:32 Feudal Age
10:10 Double-Bit Axe
15:54 Fletching
17:11 Wheelbarrow
21:53 Castle Age
20:14 Horse Collar
21:24 Gold Mining
21:53 Crossbowman
22:29 Bodkin Arrow
23:01 Bow Saw
23:47 Ballistics
23:58 Town Watch
27:50 Bloodlines
27:50 Scale Barding Armor
29:34 Forging
31:08 Stone Mining
31:36 Husbandry
34:30 Hand Cart
37:17 Imperial Age
36:11 Chain Barding Armor
36:23 Heavy Plow
37:28 Heavy Camel Rider
38:44 Plate Barding Armor
39:24 Iron Casting
40:41 Bracer
41:21 Padded Archer Armor
41:55 Conscription
42:02 Thumb Ring
41:23 Elite Genitour
42:40 Leather Archer Armor
43:27 Chemistry
45:41 Light Cavalry
The Crusader
6:17 Loom
9:46 Feudal Age
9:49 Man-at-Arms
14:01 Fletching
15:21 Padded Archer Armor
21:05 Castle Age
19:54 Gold Mining
20:16 Scale Barding Armor
20:43 Bloodlines
20:22 Horse Collar
22:06 Chain Barding Armor
22:57 Town Watch
27:02 Husbandry
27:27 Heavy Plow
33:22 Wheelbarrow
38:30 Imperial Age
37:30 Forging
38:24 Ballistics
39:06 Iron Casting
39:25 Hand Cart
38:32 Cavalier
39:51 Plate Barding Armor
40:11 Bodkin Arrow
41:16 Blast Furnace
40:39 Howdah
41:48 Gold Shaft Mining
41:45 Conscription
41:57 Town Patrol
42:00 Elite Arambai
43:45 Bracer
47:13 Blast Furnace
46:18 Manipur Cavalry
Connection lost

Rejoining the realm…

Still unreachable

The connection could not be restored.

Session expired

The server has moved on; the page needs a fresh start.